 Dungeon Crawl Stone Soup version 0.24.0-37-gcf1ca852f1 (webtiles) character file.

Game seed: 16538242384754245252, levelgen mode: deterministic

40 H0rd4k the Charlatan (level 3, 0/26 HPs)
             Began as a Human Artificer on Dec 6, 2019.
             Slain by a goblin
             ... wielding a +0 club
             ... led by Robin
              (9 damage)
             ... on level 2 of the Dungeon.
             The game lasted 00:01:07 (1561 turns).

H0rd4k the Charlatan (Human Artificer)              Turns: 1561, Time: 00:01:08

Health: 0/26       AC:  3    Str: 13    XL:     3   Next: 72%
Magic:  5/5        EV: 12    Int: 11    God:
Gold:   15         SH:  0    Dex: 13    Spells: 2/2 levels left

rFire    . . .     SeeInvis .   a - +0 short sword
rCold    . . .     Gourm    .   (no shield)
rNeg     . . .     Faith    .   b - +0 leather armour
rPois    .         Spirit   .   (no helmet)
rElec    .         Reflect  .   (no cloak)
rCorr    .         Harm     .   (no gloves)
MR       .....                  (no boots)
Stlth    +.........             (no amulet)
HPRegen  0.08/turn              (no ring)
MPRegen  0.09/turn              (no ring)

@: no status effects
A: no striking features
a: no special abilities


You were on level 2 of the Dungeon.
You were not hungry.

You visited 1 branch of the dungeon, and saw 2 of its levels.

You collected 15 gold pieces.

Inventory:

Hand Weapons
 a - a +0 short sword (weapon)
Armour
 b - a +0 leather armour (worn)
Wands
 c - a wand of flame (15)
 d - a wand of enslavement (15)
 e - a wand of random effects (15)
Scrolls
 g - a scroll of noise {unknown}
 k - 3 scrolls of amnesia {unknown}
 l - a scroll of teleportation {unknown}
Potions
 h - a potion of curing {unknown}
 i - 2 potions of flight {unknown}
 j - a potion of haste {unknown}
Comestibles
 f - a ration
 m - 3 chunks of flesh


   Skills:
 + Level 1.2 Fighting
 + Level 1.7 Short Blades
 + Level 0.9 Armour
 + Level 2.4 Dodging
 + Level 1.0 Stealth
 + Level 3.5 Evocations


You had 2 spell levels left.
You didn't know any spells.
Your spell library was empty.

Dungeon Overview and Level Annotations

Branches:
Dungeon (2/15)

Altars:
Cheibriados

Annotations:
D:1 exclusion: downstairs
D:2 Robin


Message History

There are monsters nearby!
You hit the goblin.
The goblin is moderately wounded.
A goblin comes into view. It is wielding a +0 club. x2
The hobgoblin hits you but does no damage.
The goblin misses you. The goblin barely misses you.
The goblin shouts!
The goblin hits you but does no damage.
Robin roars a battlecry!
The goblins go into a battle-frenzy!
There is a stone staircase leading up here.
The hobgoblin hits you with a +0 club. Robin throws the goblin at you!
The goblin hits you but does no damage. The hobgoblin hits you with a +0 club.
The goblin hits you but does no damage.
You hit the goblin.
The goblin is moderately wounded.
The hobgoblin misses you. The goblin barely misses you.
The goblin closely misses you. The hobgoblin closely misses you.
The goblin hits you with a +0 club!
You die...

#### .... #### ....$
...### ..... ###.
......# ...... ##...
g.###.####......
#....###.##..gg@g.......
#.#......##g#.ggg#.....
#.#.#.$g...gg###........
..........r.............
.....#gg..gg...##.......
.....g......... .......
##....#........ .......
........r.....! .......
###...g........ ....$..


You could see Robin, 3 hobgoblins, 6 goblins and a rat.

Vanquished Creatures
  2 oozes (D:1)
  2 leopard geckos (D:1)
  A ball python (D:1)
  A giant cockroach (D:1)
  3 goblins
  3 hobgoblins (D:1)
  4 kobolds (D:1)
  6 bats (D:1)
  4 frilled lizards (D:1)
  4 rats (D:1)
30 creatures vanquished.

Notes
Turn   | Place    | Note
-------+----------+-------------------------------------------
     0 | D:1      | H0rd4k the Human Artificer began the quest for the Orb.
     0 | D:1      | Reached XP level 1. HP: 15/15 MP: 3/3
   206 | D:1      | Reached XP level 2. HP: 13/21 MP: 4/4
   219 | D:1      | HP: 1/21 [ooze (5)]
   560 | D:1      | Found a snail-covered altar of Cheibriados.
   931 | D:1      | Reached XP level 3. HP: 26/26 MP: 5/5
  1482 | D:2      | Noticed Robin
  1561 | D:2      | Slain by a goblin

Levels and vault maps discovered:
D:1:      lemuel_arrival_lava_pool, layout_loops_corners,
          chequers_decorated_corner, roderic_lattice_a, cheibriados_altar_1
D:2:      layout_rooms, nicolae_overflow_hidden_temple,
          eat_drink_and_be_merry_uskayaw, lemuel_round_altar, first_ration,
          solitary_fountain, uniq_robin, uniq_natasha, uniq_sigmund

Action                   || total
-------------------------++-------
Melee: Short sword       ||   106
 Stab: Sleeping          ||     1
  Eat: Chunk             ||     2
Armor: Leather armour    ||    27
Dodge: Dodged            ||    82
